 Dungeon Crawl Stone Soup version 0.22-a0-448-g1fb7470 (webtiles) character file.

2820 iamserjio the Grappler (level 9, 0/92 HPs)
             Began as a Troll Gladiator on June 4, 2018.
             Was a Follower of Ru.
             Slain by a two-headed ogre
             ... wielding a +0 giant club
              (19 damage)
             ... on level 8 of the Dungeon.
             The game lasted 00:13:49 (5689 turns).

iamserjio the Grappler (Troll Gladiator)            Turns: 5689, Time: 00:13:51

Health: 0/92       AC:  7    Str: 24    XL:     9   Next: 45%
Magic:  0/8        EV: 11    Int:  4    God:    Ru [*.....]
Gold:   306        SH:  0    Dex: 14    Spells: 8/8 levels left

rFire    + . .     SeeInvis .     - Unarmed
rCold    . . .     Gourm    +   (no shield)
rNeg     . . .     Faith    .   a - +0 robe
rPois    .         Spirit   +   b - +2 hat
rElec    .         Reflect  .   (no cloak)
rCorr    .         Harm     .   (gloves unavailable)
MR       .....                  (boots unavailable)
Stlth    +.........             C - amulet of guardian spirit
HPRegen  0.65/turn              e - ring of protection from fire
MPRegen  0.11/turn              (no ring)

@: no status effects
A: large, unfitting armour, claws 3, fast metabolism 3, gourmand, regeneration
1, shaggy fur 1, tough skin 2, hated by all
a: Renounce Religion


You were on level 8 of the Dungeon.
You worshipped Ru.
Ru was aware of your devotion.
You were very full.

You visited 1 branch of the dungeon, and saw 8 of its levels.
You also visited: Sewer.

You collected 306 gold pieces.

Inventory:

Hand Weapons
 j - a +2 scimitar of flaming
 o - a +0 blowgun
Missiles
 c - 3 throwing nets (quivered)
 l - 7 curare-tipped needles
 p - 11 poisoned needles
 y - 7 tomahawks
 E - 72 stones
Armour
 a - a +0 robe (worn)
 b - a +2 hat (worn)
Jewellery
 e - a ring of protection from fire (left claw)
 C - an amulet of guardian spirit (around neck)
 F - an uncursed ring of wizardry
Wands
 k - a wand of flame (25)
Scrolls
 f - a scroll of fog {unknown}
 g - 2 scrolls of enchant armour
 s - a scroll of amnesia {unknown}
 v - a scroll of fear {unknown}
 x - 3 scrolls of magic mapping
Potions
 h - 8 potions of heal wounds
 i - 2 potions of haste {unknown}
 m - 3 potions of brilliance {unknown}
 n - 2 potions of degeneration {unknown}
 q - 3 potions of flight {unknown}
 r - 8 potions of curing
 t - 2 potions of agility {unknown}
 u - 2 potions of cancellation {unknown}
 w - 2 potions of might {unknown}
 z - a potion of lignification {unknown}
Comestibles
 d - 12 rations


   Skills:
 + Level 6.4 Fighting
 - Level 1.7 Throwing
 - Level 3.0 Dodging
 * Level 10.8 Unarmed Combat


You had 8 spell levels left.
You didn't know any spells.
Your spell library contained the following spells:

 Spells                   Type           Power        Failure   Level  Hunger
 Confuse                  Hex            #.......     86%         3    ####...
 Tukima's Dance           Hex            #.......     86%         3    ####...
 Ensorcelled Hibernation  Hex/Ice        #.....       65%         2    ###....
 Corona                   Hex            #......      50%         1    ##.....
 Dazzling Spray           Conj/Hex       #.....       86%         3    ####...


Dungeon Overview and Level Annotations

Branches:
Dungeon (8/15)             Temple (0/1) D:4
   Lair: D:8-11

Altars:
Dithmenos
Gozag
Hepliaklqana
Kikubaaqudgha
Makhleb
Okawaru
Qazlal
Ru
Uskayaw
Wu Jian
Xom


Innate Abilities, Weirdness & Mutations

You are too large for most types of armour.
You have claws for hands.
Your metabolism is lightning-fast.
You like to eat raw meat.
Your natural rate of healing is unusually fast.
You are covered in fur. (AC +1)
You have very tough skin. (AC +2)
You are hated by all.


Message History

You claw the two-headed ogre!
The two-headed ogre is heavily wounded.
The bullfrog closely misses you.
The two-headed ogre hits you with a giant club!
The two-headed ogre hits you with a giant club.
You barely miss the two-headed ogre.
The two-headed ogre is heavily wounded.
The bullfrog is stunned by your will and fails to attack.
The bullfrog closely misses you. The two-headed ogre barely misses you.
The two-headed ogre hits you with a giant club!
You claw the two-headed ogre!
The two-headed ogre is severely wounded.
The bullfrog hits you.
You mangle the two-headed ogre!!
The two-headed ogre is almost dead.
The bullfrog hits you but does no damage.
The two-headed ogre hits you with a giant club!!
* * * LOW HITPOINT WARNING * * *
The two-headed ogre hits you with a giant club!!
You die...

#......###########.#.###
######.### #)#...# ######## #...#
####O#.#.# .......# #.#.#
#...FpO..# .......# #.#.#
#.##+#p#### .......#######.#.#
#..(....... ..............##p#
#..$....... ...............#F#
##.....###.# ..............pO@#
.............
###########..#'#####.............
#.....#..#..#..........h.#
#.....#.÷#..#............#
#.....#.÷'..#............p
#.....#..#..##'#......###.
#...>.#..#..#.........###.
###...####### ............ #....
...........


You could see a two-headed ogre, 2 freed slaves and a bullfrog.

Vanquished Creatures
  Erica (D:8)
  Pikel (D:8)
  A human (D:8)
  4 hogs (D:8)
  The ghost of TheNamelessOne the Insei, an amateur OpTm (D:3)
  A black bear (D:7)
  A sky beast (D:5)
  2 slaves (D:8)
  A scorpion (D:3)
  4 howler monkeys
  2 crimson imps
  2 centaur zombies (D:6)
  2 hounds
  A bullfrog zombie (D:8)
  Terence (D:3)
  4 worker ants
  A worker ant zombie (D:5)
  7 adders
  2 river rats (Sewer)
  3 oozes
  3 worms
  A dart slug (D:3)
  2 leopard geckos (D:2)
  3 orcs (D:3)
  A giant cockroach (D:3)
  7 goblins
  12 hobgoblins
  15 jackals
  24 kobolds
  7 ball pythons
  7 bats
  6 frilled lizards
  A jackal skeleton (D:5)
  A leopard gecko skeleton (D:4)
  31 rats
163 creatures vanquished.

Notes
Turn   | Place    | Note
-------+----------+-------------------------------------------
     0 | D:1      | iamserjio the Troll Gladiator began the quest for the Orb.
     0 | D:1      | Reached XP level 1. HP: 19/19 MP: 0/0
   201 | D:1      | Reached XP level 2. HP: 24/28 MP: 1/1
   588 | D:1      | Reached XP level 3. HP: 35/35 MP: 2/2
   983 | D:2      | Reached skill level 4 in Unarmed Combat
  1155 | D:2      | Reached XP level 4. HP: 42/42 MP: 3/3
  1206 | D:2      | Found an ornate altar of the Wu Jian Council.
  1755 | D:3      | Found a faded altar of an unknown god.
  1773 | D:3      | Found a glowing drain.
  1787 | Sewer    | Entered a sewer
  1994 | Sewer    | Reached XP level 5. HP: 50/50 MP: 4/4
  2117 | Sewer    | Reached skill level 5 in Unarmed Combat
  2418 | D:3      | Noticed Terence
  2422 | D:3      | Killed Terence
  2574 | D:3      | Noticed TheNamelessOne's ghost (amateur OpTm)
  2591 | D:3      | Killed TheNamelessOne's ghost
  2591 | D:3      | Reached skill level 6 in Unarmed Combat
  2591 | D:3      | Reached XP level 6. HP: 37/61 MP: 5/5
  2837 | D:3      | Found a hazy altar of Hepliaklqana.
  2903 | D:3      | Found a stormy altar of Qazlal.
  2903 | D:3      | Found a shimmering altar of Xom.
  2904 | D:3      | Found a hide-covered altar of Uskayaw.
  2904 | D:3      | Found an ancient bone altar of Kikubaaqudgha.
  2905 | D:3      | Found a shadowy altar of Dithmenos.
  2905 | D:3      | Found a sacrificial altar of Ru.
  2906 | D:3      | Found an opulent altar of Gozag.
  2914 | D:3      | Became a worshipper of Ru the Awakened
  3450 | D:4      | Found a staircase to the Ecumenical Temple.
  3872 | D:5      | Entered Level 5 of the Dungeon
  3942 | D:5      | Found an iron altar of Okawaru.
  4090 | D:5      | Gained mutation: You are hated by all. [Ru sacrifice]
  4090 | D:5      | Reached * piety under Ru
  4290 | D:5      | Noticed a sky beast
  4301 | D:5      | Killed a sky beast
  4301 | D:5      | Reached XP level 7. HP: 38/68 MP: 6/6
  4730 | D:5      | Found a burning altar of Makhleb.
  4735 | D:5      | Reached skill level 7 in Unarmed Combat
  5097 | D:6      | You fall through a shaft!
  5161 | D:8      | Noticed Erica
  5166 | D:8      | Noticed a hog
  5176 | D:8      | Noticed a human
  5181 | D:8      | Noticed a hog
  5184 | D:8      | Killed Erica
  5184 | D:8      | Reached skill level 5 in Fighting
  5184 | D:8      | Reached skill level 9 in Unarmed Combat
  5184 | D:8      | Reached XP level 8. HP: 64/80 MP: 4/7
  5273 | D:8      | Reached skill level 10 in Unarmed Combat
  5273 | D:8      | Reached XP level 9. HP: 80/89 MP: 6/8
  5474 | D:8      | Noticed Pikel
  5479 | D:8      | Noticed a two-headed ogre
  5506 | D:8      | Killed Pikel
  5689 | D:8      | Slain by a two-headed ogre

Vault maps used:
D:1:      minmay_arrival_semitransparent
D:2:      lemuel_doored_altar
D:3:      grunt_temple_overflow_open, marbit_many_paths,
          chequers_ecumenical_altar_simple, cheibrodos_sewer_entry_drain,
          uniq_terence
D:4:      temple_doors_e
D:5:      first_ration, basic_altar, makhleb_heckhound_becter
D:6:      serial_co_window_serial, co_window_paths_a, co_window_corner_a,
          co_window_paths_b, co_window_cross_1, co_window_of_opportunity_a,
          co_window_broadway_a, co_window_corner_b, co_window_broadway_a,
          co_window_corner_ca, co_window_broadway_a, co_window_corner_b,
          co_window_broadway_c, co_window_paths_d, co_window_paths_e,
          glass_columns_a, glass_columns_a, glass_columns_b, glass_columns_b,
          eino_tiny_chamber
D:7:      nicolae_whirlpool, slow_altar_1, nemelex_xobeh_ov_fountains_minmay
D:8:      grunt_livestock, uniq_pikel, uniq_erica
Sewer:    sewer_minmay_treatment

Skill      XL: |  1  2  3  4  5  6  7  8  9 |
---------------+----------------------------+-----
Fighting       | 2 3 5 6 |  6.4
Unarmed Combat | 4 6 9 10 | 10.8
Dodging        | 3 |  3.0
Throwing       | |  1.7

Action                   |  1- 3 |  4- 6 |  7- 9 || total
-------------------------+-------+-------+-------++-------
Melee: Unarmed           |   126 |   221 |   101 ||   448
       Punch             |       |     2 |     7 ||     9
Invok: Sacrifice Love    |       |     1 |       ||     1
  Use: Scroll            |       |       |     6 ||     6
       Potion            |       |       |     2 ||     2
 Stab: Sleeping          |     1 |     2 |       ||     3
       Distracted        |       |       |     1 ||     1
  Eat: Chunk             |     9 |    16 |    14 ||    39
       Ration            |     1 |     2 |     2 ||     5
Armor: Robe              |    43 |    68 |    16 ||   127
Dodge: Dodged            |    71 |   128 |    51 ||   250

Table legend:
 A = Spawn XP
 B = Non-spawn XP
 C = Spawn XP percentage of total XP
 D = Spawn monster count
 E = Non-spawn monster count
 F = Spawn count percentage of total count
 G = Total turns spent on level
                    A         B        C        D         E        F      G
               +---------+---------+-------+---------+---------+-------+---------
         Total |       0 |    4029 |   0.0 |       0 |     161 |   0.0 |  5689
               +---------+---------+-------+---------+---------+-------+---------
           D:1 |       0 |      49 |   0.0 |       0 |      28 |   0.0 |   777
           D:2 |       0 |      56 |   0.0 |       0 |      24 |   0.0 |   852
           D:3 |       0 |     335 |   0.0 |       0 |      27 |   0.0 |  1235
           D:4 |       0 |      91 |   0.0 |       0 |       4 |   0.0 |   544
           D:5 |       0 |     327 |   0.0 |       0 |      11 |   0.0 |   987
           D:6 |       0 |     145 |   0.0 |       0 |       3 |   0.0 |   238
           D:7 |       0 |     152 |   0.0 |       0 |       2 |   0.0 |   214
           D:8 |       0 |    2770 |   0.0 |       0 |      14 |   0.0 |   378
         Sewer |       0 |     104 |   0.0 |       0 |      48 |   0.0 |   464
               +---------+---------+-------+---------+---------+-------+---------
